[Event "Titled Tuesday Blitz June 20 Early 2023"]
[White "Zhigalko, Sergei"]
[Black "Vachier-Lagrave, Maxime"]
[WhiteFideId "13502956"]
[BlackFideId "623539"]
[WhiteElo "2626"]
[BlackElo "2739"]
[Result "0-1"]
[Round "5"]
[TimeControl "180+2"]
[Date "2023.06.20"]
[WhiteClock "0:00:00"]
[BlackClock "0:00:20"]
[Board "4"]

1. e4 e5 2. Nf3 Nf6 3. d4 Nxe4 4. Bd3 Nc6 5. d5 Nf6 6. dxc6 e4 7. cxb7 Bxb7 8. Be2 exf3 9. Bxf3 Bxf3 10. Qxf3 Qe7+ 11. Be3 Qe4 12. Qxe4+ Nxe4 13. Nd2 Nxd2 14. Kxd2 Bd6 15. Rhe1 O-O 16. c3 f6 17. Rad1 Rfe8 18. Kc2 a6 19. h3 Re6 20. Rd5 Kf7 21. Red1 Re5 22. c4 Rxd5 23. Rxd5 Ke6 24. b3 c6 25. Rd1 g5 26. Re1 Be5 27. Bd4 h5 28. Kd3 Kf5 29. Be3 Rh8 30. Ke2 g4 31. Rd1 Ke6 32. Bd4 d6 33. Be3 f5 34. f4 Bf6 35. Bd4 Bxd4 36. Rxd4 a5 37. h4 Rb8 38. Kd2 a4 39. Kc2 axb3+ 40. axb3 d5 41. g3 Kd6 42. cxd5 cxd5 43. Ra4 Kc5 44. Ra5+ Kd4 45. Ra4+ Ke3 46. Ra5 Ke4 47. Kc3 d4+ 48. Kd2 Rxb3 49. Re5+ Kf3 50. Rxf5 Kxg3 51. Rxh5 Kxf4 52. Rh8 Rh3 53. Rf8+ Kg3 54. Kd3 Kh2+ 55. Kxd4 g3 56. Rg8 g2 57. Ke4 Rxh4+ 0-1


[Site "https://www.chess.com"]

[Event "Titled Tuesday Blitz June 20 Early 2023"]
[White "Jones, Gawain C B"]
[Black "Sadhwani, Raunak"]
[WhiteFideId "409561"]
[BlackFideId "35093487"]
[WhiteElo "2645"]
[BlackElo "2631"]
[Result "1-0"]
[Round "5"]
[TimeControl "180+2"]
[Date "2023.06.20"]
[WhiteClock "0:00:03"]
[BlackClock "0:00:15"]
[Board "5"]

1. Nf3 d5 2. g3 Nc6 3. d4 Bf5 4. Bg2 Nb4 5. Na3 e6 6. O-O Be7 7. Ne5 Nf6 8. c3 Nc6 9. Qa4 O-O 10. Nxc6 bxc6 11. Qxc6 h5 12. Bf4 h4 13. c4 h3 14. Bf3 Rb8 15. cxd5 Nxd5 16. e4 Nb4 17. Qc3 Bg6 18. Bxc7 Qd7 19. Bxb8 Rxb8 20. Rfc1 Bf6 21. Rd1 a5 22. Nc4 Rc8 23. b3 Qa7 24. a3 Nc6 25. e5 Be7 26. Nd6 Bxd6 27. exd6 Qd7 28. Rac1 Ne7 29. Qxa5 Rxc1 30. Rxc1 Qxd6 31. Qc5 Qd7 32. Qc7 Qe8 33. a4 Kh7 34. a5 Nd5 35. Qc6 Qb8 36. a6 Qxb3 37. Bxd5 exd5 38. Qc3 Qb6 39. Ra1 Qe6 40. Qe3 Qxa6 41. Rxa6 1-0


[Site "https://www.chess.com"]

[Event "Titled Tuesday Blitz June 20 Early 2023"]
[White "Donchenko, Alexander"]
[Black "Grischuk, Alexander"]
[WhiteFideId "24603295"]
[BlackFideId "4126025"]
[WhiteElo "2554"]
[BlackElo "2721"]
[Result "0-1"]
[Round "5"]
[TimeControl "180+2"]
[Date "2023.06.20"]
[WhiteClock "0:00:00"]
[BlackClock "0:00:12"]
[Board "6"]

1. c4 Nf6 2. g3 c6 3. Bg2 d5 4. Nf3 dxc4 5. Qc2 b5 6. a4 Bb7 7. b3 cxb3 8. Qxb3 a6 9. O-O e6 10. Nc3 Nbd7 11. d4 b4 12. e4 a5 13. e5 Nd5 14. Ne4 c5 15. Re1 Qb6 16. Bg5 h6 17. Bd2 Be7 18. Rad1 Rc8 19. Bf1 O-O 20. Bb5 Bc6 21. Bd3 cxd4 22. Bb1 Rfd8 23. Qd3 Nf8 24. Nxd4 Bxa4 25. Bxh6 Bxd1 26. Rxd1 gxh6 27. Qd2 Kg7 28. Qe2 Ng6 29. Qh5 Nc3 30. Nxc3 Rxd4 31. Rxd4 Qxd4 32. Ne4 Rc1+ 0-1


[Site "https://www.chess.com"]

[Event "Titled Tuesday Blitz June 20 Early 2023"]
[White "Gadimbayli, Abdulla"]
[Black "Korobov, Anton"]
[WhiteFideId "13404938"]
[BlackFideId "14105730"]
[WhiteElo "2386"]
[BlackElo "2638"]
[Result "0-1"]
[Round "5"]
[TimeControl "180+2"]
[Date "2023.06.20"]
[WhiteClock "0:00:01"]
[BlackClock "0:00:42"]
[Board "7"]

1. e4 c5 2. Nf3 d6 3. d4 cxd4 4. Nxd4 Nf6 5. Nc3 a6 6. g3 e6 7. Bg2 Be7 8. O-O Qc7 9. Be3 Nc6 10. h3 Ne5 11. Qe2 Rb8 12. Rad1 b5 13. a3 O-O 14. f4 Nc4 15. Bc1 Bb7 16. Rd3 g6 17. Kh2 e5 18. Nf3 exf4 19. gxf4 Nh5 20. b3 Nb6 21. Be3 Nd7 22. Nd5 Bxd5 23. Rxd5 Ndf6 24. Rd4 Rbc8 25. c4 bxc4 26. bxc4 Rfe8 27. Qd3 Bf8 28. Nd2 Rb8 29. Kg1 Rb2 30. Qc3 Reb8 31. Rd3 Bg7 32. e5 dxe5 33. fxe5 Ng3 34. Re1 Nfh5 35. Bf2 Nf5 36. Ne4 Nf4 37. Rg3 Bxe5 38. Qd3 Nxd3 0-1


[Site "https://www.chess.com"]

[Event "Titled Tuesday Blitz June 20 Early 2023"]
[White "Beerdsen, Thomas"]
[Black "Sviridov, Valery"]
[WhiteFideId "1030108"]
[BlackFideId "4120680"]
[WhiteElo "2553"]
[BlackElo "2457"]
[Result "1-0"]
[Round "5"]
[TimeControl "180+2"]
[Date "2023.06.20"]
[WhiteClock "0:01:27"]
[BlackClock "0:00:54"]
[Board "8"]

1. e4 Nf6 2. Nc3 d5 3. exd5 Nxd5 4. Qf3 Nb4 5. Bc4 e6 6. Bb3 N8c6 7. Nge2 Na5 8. O-O Nxb3 9. cxb3 Qd3 10. Qg4 e5 11. Qh5 Bd6 12. f4 exf4 13. Nxf4 Qd4+ 14. Kh1 Bxf4 15. Ne2 Qe5 16. Nxf4 Qxh5 17. Nxh5 O-O 18. d4 Bg4 19. Ng3 Nc2 20. Rb1 Nxd4 21. Rf4 Rad8 22. Rxg4 f5 23. Rf4 g5 24. Rf1 f4 25. Ne4 h6 26. Bd2 Rde8 27. Rbe1 Nc2 28. Nf6+ 1-0


[Site "https://www.chess.com"]

[Event "Titled Tuesday Blitz June 20 Early 2023"]
[White "Shevtchenko, Olesya"]
[Black "Svane, Rasmus"]
[WhiteFideId "24131890"]
[BlackFideId "4657101"]
[WhiteElo "2003"]
[BlackElo "2601"]
[Result "0-1"]
[Round "5"]
[TimeControl "180+2"]
[Date "2023.06.20"]
[WhiteClock "0:00:50"]
[BlackClock "0:00:33"]
[Board "9"]

1. e4 c6 2. d4 d5 3. Nc3 dxe4 4. Nxe4 Nf6 5. Nxf6+ exf6 6. c3 Bd6 7. Bd3 O-O 8. Ne2 Re8 9. O-O Nd7 10. Bf4 Nf8 11. Qd2 Ng6 12. Bxd6 Qxd6 13. Rfe1 Be6 14. b3 Rad8 15. Rad1 Qc7 16. c4 a6 17. h3 b5 18. Rc1 Qb6 19. Qc3 b4 20. Qb2 a5 21. d5 cxd5 22. c5 Qc7 23. Bxg6 hxg6 24. Nd4 Bd7 25. c6 Rxe1+ 26. Rxe1 Bc8 27. Qe2 Kf8 28. Nb5 Qe5 29. c7 Re8 30. Qxe5 fxe5 31. Nd6 f6 32. f4 0-1


[Site "https://www.chess.com"]

[Event "Titled Tuesday Blitz June 20 Early 2023"]
[White "Martinez Alcantara, Jose Eduardo"]
[Black "Maksimovic, Bojan"]
[WhiteFideId "3805662"]
[BlackFideId "14408120"]
[WhiteElo "2711"]
[BlackElo "2457"]
[Result "1-0"]
[Round "5"]
[TimeControl "180+2"]
[Date "2023.06.20"]
[WhiteClock "0:00:35"]
[BlackClock "0:00:00"]
[Board "10"]

1. e4 c5 2. Nf3 e6 3. c3 d5 4. e5 d4 5. g3 Nc6 6. Bg2 Nge7 7. O-O Ng6 8. Re1 Qc7 9. cxd4 cxd4 10. d3 Bb4 11. Nbd2 O-O 12. a3 Bxd2 13. Bxd2 Ncxe5 14. Nxe5 Nxe5 15. Bf4 f6 16. Qh5 Bd7 17. Bxe5 fxe5 18. Be4 h6 19. Qg6 Rf6 20. Qh7+ Kf7 21. h4 Rf8 22. h5 Bc6 23. Bg6+ Ke7 24. Qxg7+ Kd6 25. Qxc7+ Kxc7 26. Re2 Kd6 27. Rae1 Bd5 28. Rc2 a5 29. Be4 Rg8 30. Kg2 Rg5 31. Rh1 Rg4 32. Re2 Rg5 33. f3 Rf7 34. g4 Rf8 35. Rhe1 Rf4 36. Kg3 Rf8 37. b4 a4 38. b5 b6 39. Rc2 Rf7 40. Bxd5 Kxd5 41. Rc8 Rg8 42. Rxg8 1-0


[Site "https://www.chess.com"]

[Event "Titled Tuesday Blitz June 20 Early 2023"]
[White "Oparin, Grigoriy"]
[Black "Lagarde, Maxime"]
[WhiteFideId "24125890"]
[BlackFideId "662399"]
[WhiteElo "2647"]
[BlackElo "2571"]
[Result "1/2-1/2"]
[Round "5"]
[TimeControl "180+2"]
[Date "2023.06.20"]
[WhiteClock "0:00:31"]
[BlackClock "0:00:45"]
[Board "11"]

1. d4 d6 2. e4 Nf6 3. Bd3 Nc6 4. Nf3 g6 5. O-O Bg7 6. Re1 O-O 7. c3 e5 8. h3 Re8 9. Bg5 h6 10. Bh4 g5 11. Bg3 exd4 12. Nxd4 Ne5 13. Na3 Bd7 14. Bf1 Ng6 15. Qc2 Nh5 16. Bh2 Nhf4 17. Nc4 g4 18. hxg4 Bxg4 19. Nf5 Qg5 20. Nce3 Bf3 21. Ng3 Nh4 22. Kh1 Be5 23. gxf3 Nxf3 24. Nef5 h5 25. Re3 Nxh2 26. Kxh2 h4 27. Kh1 Re6 28. Bc4 Rg6 29. Rg1 hxg3 30. Rgxg3 Qh5+ 31. Kg1 Nh3+ 32. Kg2 Nf4+ 33. Kg1 Nh3+ 34. Kg2 Nf4+ 35. Kg1 1/2-1/2


[Site "https://www.chess.com"]

[Event "Titled Tuesday Blitz June 20 Early 2023"]
[White "Gordievsky, Dmitry"]
[Black "Lobanov, Sergei"]
[WhiteFideId "24112798"]
[BlackFideId "24183750"]
[WhiteElo "2546"]
[BlackElo "2501"]
[Result "1-0"]
[Round "5"]
[TimeControl "180+2"]
[Date "2023.06.20"]
[WhiteClock "0:00:02"]
[BlackClock "0:00:00"]
[Board "13"]

1. Nf3 d5 2. g3 Nf6 3. Bg2 e6 4. O-O Be7 5. b3 c5 6. Bb2 O-O 7. d4 cxd4 8. Nbd2 b6 9. Nxd4 Bb7 10. c4 Nc6 11. Rc1 Nxd4 12. Bxd4 Ba3 13. Rc2 Qe7 14. Qa1 Rac8 15. Bc3 Rfd8 16. e3 a6 17. Nb1 Bb4 18. Bxb4 Qxb4 19. Rfc1 Ba8 20. Qd4 h6 21. Qd2 Qe7 22. Qe1 dxc4 23. Bxa8 Rxa8 24. Rxc4 Rd7 25. Rc8+ Rxc8 26. Rxc8+ Kh7 27. Rc1 Ng4 28. Qe2 Ne5 29. f4 Ng6 30. Qxa6 Qb4 31. Qe2 e5 32. f5 Ne7 33. e4 Rd4 34. Nc3 Nc6 35. Rc2 Qe7 36. Nd5 Qd6 37. Nc3 Ne7 38. Qf3 Rd2 39. Rxd2 Qxd2 40. Ne2 Nc6 41. Qf2 Qd3 42. Qxb6 Qxe4 43. Qf2 Nb4 44. f6 g6 45. Nc3 Qd3 46. Qa7 1-0


[Site "https://www.chess.com"]

[Event "Titled Tuesday Blitz June 20 Early 2023"]
[White "Seo, Jung Min"]
[Black "Tabatabaei, M. Amin"]
[WhiteFideId "1734687"]
[BlackFideId "12521213"]
[WhiteElo "2468"]
[BlackElo "2575"]
[Result "0-1"]
[Round "5"]
[TimeControl "180+2"]
[Date "2023.06.20"]
[WhiteClock "0:00:50"]
[BlackClock "0:02:30"]
[Board "14"]

1. d4 Nf6 2. c4 g6 3. Nc3 d5 4. cxd5 Nxd5 5. e4 Nxc3 6. bxc3 Bg7 7. Nf3 c5 8. Be3 Qa5 9. Qd2 Nc6 10. Rb1 a6 11. Rc1 cxd4 12. cxd4 Qxd2+ 13. Kxd2 e6 14. Be2 O-O 15. Rhd1 Rd8 16. Ke1 Bd7 17. Rb1 b5 18. Bg5 Rdc8 19. Rbc1 h6 20. Be3 Nb4 21. Ne5 Be8 22. Ra1 Nc2+ 0-1


[Site "https://www.chess.com"]

[Event "Titled Tuesday Blitz June 20 Early 2023"]
[White "Andreikin, Dmitry"]
[Black "Atakhan, Abtin"]
[WhiteFideId "4158814"]
[BlackFideId "22502203"]
[WhiteElo "2736"]
[BlackElo "2008"]
[Result "1-0"]
[Round "5"]
[TimeControl "180+2"]
[Date "2023.06.20"]
[WhiteClock "0:00:09"]
[BlackClock "0:00:00"]
[Board "15"]

1. e4 c5 2. Nc3 Nc6 3. Bb5 Nd4 4. Nf3 e6 5. O-O a6 6. Bd3 Nc6 7. Be2 Nd4 8. Bd3 Nc6 9. Be2 Nd4 10. d3 Bd6 11. Re1 Ne7 12. e5 Bc7 13. Ne4 Nxf3+ 14. Bxf3 Bxe5 15. Nxc5 Bxh2+ 16. Kxh2 Qc7+ 17. Kg1 Qxc5 18. d4 Qd6 19. d5 e5 20. c4 f6 21. c5 Qxc5 22. Be3 Qd6 23. Rc1 b6 24. Qb3 Rb8 25. Red1 Nf5 26. Bg4 Nxe3 27. fxe3 Ke7 28. e4 b5 29. Kh2 h5 30. Bf5 Bb7 31. Rc7 Rhd8 32. Qg3 Kf8 33. Rcc1 g5 34. Qh3 Kg7 35. Rc3 h4 36. Rdc1 Rbc8 37. Qf3 Kh6 38. g3 Rxc3 39. Rxc3 hxg3+ 40. Kxg3 Kg7 41. Qh5 Rh8 42. Qg6+ Kf8 43. Bxd7 Qb6 44. Rc5 Rg8 45. Qh6+ Ke7 46. b4 1-0


[Site "https://www.chess.com"]

[Event "Titled Tuesday Blitz June 20 Early 2023"]
[White "Nagare Kaivalya Sandip"]
[Black "Makarian, Rudik"]
[WhiteFideId "25957929"]
[BlackFideId "44105681"]
[WhiteElo "2024"]
[BlackElo "2451"]
[Result "0-1"]
[Round "5"]
[TimeControl "180+2"]
[Date "2023.06.20"]
[WhiteClock "0:00:06"]
[BlackClock "0:00:17"]
[Board "16"]

1. e4 c5 2. Nf3 e6 3. d4 cxd4 4. Nxd4 Nc6 5. Nc3 Nf6 6. Bg5 Qa5 7. Bxf6 gxf6 8. Nb3 Qc7 9. Qd2 h5 10. f4 a6 11. O-O-O b5 12. Bd3 Bb7 13. Rhe1 Na5 14. Kb1 Nc4 15. Bxc4 bxc4 16. Na5 Bb4 17. Nd5 Qxa5 18. Nxb4 Qc7 19. Qc3 Qxf4 20. Qd4 Rd8 21. Qxc4 Qxh2 22. Nd3 Rc8 23. Qd4 Qc7 24. Qxf6 Rg8 25. Ne5 d6 26. Nf3 Bxe4 27. Nd4 d5 28. Nxe6 Qe7 29. Ng7+ Kf8 30. Qxe7+ Kxe7 31. Nf5+ Kf6 32. Nd4 Rxg2 33. Ka1 h4 34. Rf1+ Kg6 35. Rde1 f5 36. Ne6 Rcxc2 37. Nf4+ Kg5 38. Nxg2 Bxg2 39. Rg1 h3 40. b4 h2 41. Rh1 Bxh1 42. Rxh1 Rg2 0-1


[Site "https://www.chess.com"]

[Event "Titled Tuesday Blitz June 20 Early 2023"]
[White "Hakobyan, Aram"]
[Black "Eugene, Floryan"]
[WhiteFideId "13306677"]
[BlackFideId "20694784"]
[WhiteElo "2584"]
[BlackElo "2369"]
[Result "1-0"]
[Round "5"]
[TimeControl "180+2"]
[Date "2023.06.20"]
[WhiteClock "0:00:44"]
[BlackClock "0:00:17"]
[Board "17"]

1. d4 f5 2. Nf3 Nf6 3. c4 g6 4. Nc3 Bg7 5. g3 O-O 6. Bg2 d6 7. O-O c6 8. Rb1 a5 9. a3 Qc7 10. d5 e5 11. dxe6 Bxe6 12. b3 Na6 13. Bf4 Rad8 14. Ng5 Qe7 15. Nxe6 Qxe6 16. Qc2 Rfe8 17. b4 axb4 18. axb4 Qxc4 19. b5 Nb4 20. Qd2 Nbd5 21. Nxd5 cxd5 22. Rfc1 Qxe2 23. Bxd5+ Nxd5 24. Qxd5+ Kh8 25. Qxb7 Bd4 26. Rf1 Bc5 27. b6 Qe7 28. Qxe7 Rxe7 29. Bg5 Red7 30. Bxd8 Rxd8 31. b7 Rb8 32. Rb5 Kg7 33. Ra1 d5 34. Ra8 Bd6 35. Rxb8 Bxb8 36. Rxd5 Bc7 37. Rd7+ 1-0


[Site "https://www.chess.com"]

[Event "Titled Tuesday Blitz June 20 Early 2023"]
[White "Domingo Nunez, Ruben"]
[Black "Pap, Gyula"]
[WhiteFideId "22245570"]
[BlackFideId "725323"]
[WhiteElo "2404"]
[BlackElo "2519"]
[Result "0-1"]
[Round "5"]
[TimeControl "180+2"]
[Date "2023.06.20"]
[WhiteClock "0:01:18"]
[BlackClock "0:01:58"]
[Board "18"]

1. c4 e6 2. Nf3 d5 3. d4 Nf6 4. cxd5 exd5 5. Bg5 Bf5 6. Qb3 Nbd7 7. e3 Be7 8. Nh4 Be6 9. Bd3 h6 10. Bxf6 Bxf6 11. Nf3 c5 12. dxc5 O-O 13. Nc3 d4 14. Nd5 dxe3 15. Nxf6+ Qxf6 16. Rc1 Bxb3 0-1


[Site "https://www.chess.com"]

[Event "Titled Tuesday Blitz June 20 Early 2023"]
[White "Chigaev, Maksim"]
[Black "brm72"]
[WhiteFideId "4108116"]
[WhiteElo "2561"]
[BlackElo "2566"]
[Result "1-0"]
[Round "5"]
[TimeControl "180+2"]
[Date "2023.06.20"]
[WhiteClock "0:00:05"]
[BlackClock "0:00:06"]
[Board "19"]

1. e4 c6 2. Nf3 d5 3. d3 Bg4 4. h3 Bh5 5. g4 Bg6 6. h4 h6 7. h5 Bh7 8. g5 dxe4 9. g6 fxg6 10. hxg6 Bxg6 11. Ne5 Qa5+ 12. Nc3 Qxe5 13. d4 Qd6 14. Qg4 Nd7 15. Bf4 Qf6 16. O-O-O e6 17. Bg2 Bb4 18. Nxe4 Bxe4 19. Bxe4 O-O-O 20. a3 Ba5 21. Kb1 Bc7 22. Be3 Ne7 23. Qg2 Nd5 24. c4 Nxe3 25. fxe3 e5 26. d5 Nc5 27. Rhf1 Qg5 28. Qh3+ Kb8 29. Bh1 cxd5 30. Bxd5 Rhf8 31. Ka2 Qg6 32. e4 Nxe4 33. Qd3 Rf4 34. Rfe1 Rxd5 35. cxd5 Bd6 36. Re2 Qf5 37. Rc1 Nc5 38. Qb5 Qd7 39. Rxc5 Qxb5 40. Rxb5 Rd4 41. Rf2 a6 42. Rb6 Rxd5 43. Rf7 Bc7 44. Rg6 Rd6 45. Rgxg7 Rc6 46. Re7 h5 47. Rh7 b5 48. Rh8+ Kb7 49. Rxh5 Kb6 50. Rhh7 Bd6 51. Re6 Kc5 52. Rhh6 Kd5 53. Kb1 e4 54. Re8 Kd4 55. Rh4 Be5 56. Rd8+ Bd6 57. Re8 Be5 58. Ka2 Rd6 59. Rh5 Bf4 60. Rf5 Bg3 61. Rg5 Bf4 62. Rg4 Ke3 63. Rh4 Kf3 64. Rf8 Ke2 65. Rhxf4 e3 66. Re4 Kd2 67. Rfe8 Rd3 68. Kb1 a5 69. R8e5 b4 70. axb4 axb4 71. Rxb4 e2 72. Rbe4 Kd1 73. Rxe2 Re3 74. R2xe3 1-0


[Site "https://www.chess.com"]

[Event "Titled Tuesday Blitz June 20 Early 2023"]
[White "Martinez Ramirez, Lennis"]
[Black "Kramnik, Vladimir"]
[WhiteFideId "3509079"]
[BlackFideId "4101588"]
[WhiteElo "2410"]
[BlackElo "2703"]
[Result "0-1"]
[Round "5"]
[TimeControl "180+2"]
[Date "2023.06.20"]
[WhiteClock "0:00:00"]
[BlackClock "0:00:02"]
[Board "20"]

1. c4 c5 2. Nc3 g6 3. g3 Bg7 4. Bg2 Nc6 5. a3 Nf6 6. Rb1 a5 7. Nf3 O-O 8. O-O d6 9. d3 Bd7 10. b3 Rb8 11. Bd2 Qc8 12. Re1 Bh3 13. Bh1 h6 14. e4 Kh7 15. Nd5 Bg4 16. Qc1 Bxf3 17. Bxf3 Nd4 18. Bg2 Nxd5 19. exd5 Qd8 20. b4 axb4 21. axb4 b6 22. bxc5 dxc5 23. Bf4 Rc8 24. h4 Re8 25. Be3 Nf5 26. Bh3 e6 27. Bxf5 gxf5 28. dxe6 Rxe6 29. Qc2 Qf6 30. Bf4 Rce8 31. Rxe6 Rxe6 32. Kg2 Qd8 33. Rb3 Bd4 34. Ra3 Qd7 35. Qd1 b5 36. cxb5 Qxb5 37. Qh5 Qb7+ 38. Kh2 Re1 39. Qxf5+ Kh8 40. f3 Qb2+ 41. Kh3 Qxa3 42. Qxf7 Qa8 43. Bxh6 Qg8 44. Qf4 Qe6+ 45. g4 Rh1+ 46. Kg2 Qe2+ 47. Kxh1 Qf1+ 48. Kh2 Bg1+ 49. Kg3 Bf2+ 0-1


[Site "https://www.chess.com"]

[Event "Titled Tuesday Blitz June 20 Early 2023"]
[White "Lazavik, Denis"]
[Black "Itgelt, Khuyagtsogt"]
[WhiteFideId "13515110"]
[BlackFideId "4902912"]
[WhiteElo "2560"]
[BlackElo "2227"]
[Result "1-0"]
[Round "5"]
[TimeControl "180+2"]
[Date "2023.06.20"]
[WhiteClock "0:00:21"]
[BlackClock "0:00:00"]
[Board "21"]

1. d4 Nf6 2. c4 g6 3. g3 Bg7 4. Bg2 d5 5. cxd5 Nxd5 6. Nf3 Nb6 7. Nc3 Nc6 8. e3 O-O 9. O-O Re8 10. Re1 a5 11. h3 e5 12. d5 Nb4 13. e4 c6 14. a3 Na6 15. Bg5 Bf6 16. Be3 Nc4 17. Bc1 cxd5 18. Nxd5 Be6 19. Nxf6+ Qxf6 20. b3 Nb6 21. Bg5 Qg7 22. Be3 Red8 23. Qe2 Nd7 24. Qb5 f6 25. Rec1 Qf7 26. Nd2 b6 27. b4 Rdb8 28. h4 Qe7 29. Rab1 axb4 30. axb4 Nf8 31. Nc4 Bd7 32. Qd5+ Be6 33. Qd2 b5 34. Na5 Nxb4 35. Bc5 Qd8 36. Qxd8 Rxd8 37. Bxb4 1-0


[Site "https://www.chess.com"]

[Event "Titled Tuesday Blitz June 20 Early 2023"]
[White "Bluebaum, Matthias"]
[Black "Postny, Evgeny"]
[WhiteFideId "24651516"]
[BlackFideId "2804344"]
[WhiteElo "2639"]
[BlackElo "2504"]
[Result "1-0"]
[Round "5"]
[TimeControl "180+2"]
[Date "2023.06.20"]
[WhiteClock "0:01:08"]
[BlackClock "0:00:00"]
[Board "22"]

1. d4 d5 2. c4 c6 3. Nf3 Nf6 4. Nc3 a6 5. Qc2 g6 6. Bg5 Bg7 7. Bxf6 Bxf6 8. cxd5 O-O 9. e4 cxd5 10. e5 Bg7 11. h3 Nc6 12. a3 f6 13. exf6 exf6 14. Nxd5 Kh8 15. Bc4 Re8+ 16. Ne3 Nxd4 17. Nxd4 Qxd4 18. O-O f5 19. b4 Be6 20. Rad1 Qf6 21. Bxe6 Qxe6 22. Nd5 Rac8 23. Qd3 Qe4 24. Qxe4 Rxe4 25. Nb6 Rce8 26. Rd7 R4e7 27. Rfd1 Bb2 28. Nc4 Bf6 29. a4 b5 30. axb5 axb5 31. Nb6 Re1+ 32. Rxe1 Rxe1+ 33. Kh2 Re2 34. Nd5 Bd4 35. f4 Re1 36. Kg3 Rb1 37. Rb7 Rb3+ 38. Kh2 Bf2 39. g4 Bd4 40. g5 Rb2+ 41. Kg3 Rb3+ 42. Kg2 Rb2+ 43. Kf1 1-0


[Site "https://www.chess.com"]

[Event "Titled Tuesday Blitz June 20 Early 2023"]
[White "Paravyan, David"]
[Black "Bauman_Guy"]
[WhiteFideId "4194985"]
[WhiteElo "2563"]
[BlackElo "2671"]
[Result "1-0"]
[Round "5"]
[TimeControl "180+2"]
[Date "2023.06.20"]
[WhiteClock "0:00:04"]
[BlackClock "0:00:01"]
[Board "23"]

1. e4 c5 2. Nf3 e6 3. d4 cxd4 4. Nxd4 Nc6 5. Nc3 Nf6 6. Nxc6 bxc6 7. e5 Nd5 8. Ne4 Qc7 9. f4 Qb6 10. c4 Bb4+ 11. Ke2 f5 12. exf6 Nxf6 13. Be3 Qb8 14. Nxf6+ gxf6 15. Kf2 a5 16. c5 a4 17. Qh5+ Ke7 18. Rd1 Ba5 19. Be2 Ba6 20. Rd4 Qxb2 21. Rhd1 Rad8 22. Rxa4 Qxe2+ 23. Qxe2 Bxe2 24. Kxe2 Ra8 25. Rad4 Rhd8 26. a4 Rab8 27. f5 exf5 28. Rh4 Rh8 29. Rd3 Bc7 30. Kf3 Be5 31. a5 Ra8 32. Ra4 Ra6 33. Rb3 Rha8 34. Bd2 Ke6 35. h3 h5 36. Rh4 Bc7 37. Rxh5 Bxa5 38. Re3+ Kf7 39. Rh7+ Kg6 40. Rxd7 Bxd2 41. Rxd2 Ra3 42. Rd6 Rxe3+ 43. Kxe3 Ra6 44. h4 Ra3+ 45. Kf2 Ra6 46. Kg3 Ra3+ 47. Kh2 Rc3 48. Rxc6 f4 49. Rc8 Rc2 50. Kh3 Kf5 51. c6 Rc3+ 52. Kh2 Rc2 53. Kg1 Rc1+ 54. Kf2 Rc2+ 55. Kf3 Rc3+ 56. Ke2 Rc2+ 57. Kf1 Rc1+ 58. Kf2 Rc2+ 59. Kf3 Rc3+ 60. Ke2 Rc2+ 61. Kd3 Rxg2 62. Rd8 Rg7 63. Rd7 Rg8 64. c7 Rc8 65. h5 Kg5 66. Rh7 Re8 67. Kd2 f3 68. Re7 Rxe7 69. c8=Q f2 70. Qc5+ Kg4 71. Qxf2 Kxh5 72. Qf5+ 1-0


[Site "https://www.chess.com"]

[Event "Titled Tuesday Blitz June 20 Early 2023"]
[White "Florescu, Codrut-Constantin"]
[Black "Pranav, V"]
[WhiteFideId "1202200"]
[BlackFideId "25060783"]
[WhiteElo "2191"]
[BlackElo "2533"]
[Result "0-1"]
[Round "5"]
[TimeControl "180+2"]
[Date "2023.06.20"]
[WhiteClock "0:00:06"]
[BlackClock "0:00:08"]
[Board "24"]

1. e4 e5 2. Nf3 Nc6 3. Bc4 Nf6 4. d3 h6 5. h3 d6 6. a4 g5 7. a5 a6 8. Nc3 Bg7 9. Be3 Be6 10. Nd5 Bxd5 11. Bxd5 Nxd5 12. exd5 Ne7 13. c4 f5 14. Qb3 O-O 15. O-O Qd7 16. Qa4 c6 17. Ra3 Rad8 18. dxc6 Nxc6 19. b4 Qe6 20. b5 Ne7 21. bxa6 bxa6 22. Rb3 g4 23. hxg4 fxg4 24. Nd2 Nf5 25. Bb6 Rd7 26. Qc6 Rdf7 27. Qd5 Qg6 28. Ne4 Kh7 29. Rfb1 g3 30. fxg3 Nxg3 31. Nxg3 Qxg3 32. Qe4+ Kh8 33. R3b2 Rf4 34. Qe3 Rf3 35. Qe4 R3f4 36. Qe3 Qg6 37. Qh3 e4 38. dxe4 Bxb2 39. Rxb2 Rxe4 40. Bf2 Rxc4 41. Rb7 Qf6 42. Bg3 Rc3 43. Qd7 Qg6 44. Qxd6 Rc1+ 45. Kh2 Qh5+ 0-1


[Site "https://www.chess.com"]

[Event "Titled Tuesday Blitz June 20 Early 2023"]
[White "Terry, Renato"]
[Black "Vaibhav Jayant Raut"]
[WhiteFideId "3803457"]
[BlackFideId "5089034"]
[WhiteElo "2575"]
[BlackElo "2156"]
[Result "1-0"]
[Round "5"]
[TimeControl "180+2"]
[Date "2023.06.20"]
[WhiteClock "0:00:17"]
[BlackClock "0:00:03"]
[Board "25"]

1. e4 c5 2. Nf3 Nc6 3. g3 g6 4. Bg2 Bg7 5. O-O e5 6. c3 d6 7. Na3 Nge7 8. Nc2 O-O 9. d4 cxd4 10. cxd4 d5 11. exd5 Nxd5 12. Nxe5 Nxe5 13. dxe5 Be6 14. Nd4 Bxe5 15. Nxe6 fxe6 16. Qe2 Qd6 17. Bh6 Rf5 18. Rad1 Rd8 19. Be4 Rf7 20. Rfe1 Bg7 21. Bxg7 Kxg7 22. Bg2 Qc5 23. Rd2 Rdf8 24. Qe5+ Rf6 25. Rf1 Rd8 26. Rfd1 Rf8 27. Bh3 Kh6 28. Rd4 g5 29. Bxe6 Rxf2 30. Bxd5 R2f5 31. Qe6+ R8f6 32. Qe4 g4 33. b4 Qc3 34. R4d3 Qb2 35. Qe3+ Kh5 36. Qd2 Qe5 37. Bg2 h6 38. Rd5 Qe6 39. Rxf5+ Rxf5 40. a3 Qb6+ 41. Qd4 Qf6 42. Qxf6 Rxf6 43. Be4 Re6 44. Rd5+ Re5 45. Rxe5# 1-0


[Site "https://www.chess.com"]

[Event "Titled Tuesday Blitz June 20 Early 2023"]
[White "Koshulyan, Egor A."]
[Black "Puranik, Abhimanyu"]
[WhiteFideId "24237000"]
[BlackFideId "5061245"]
[WhiteElo "2216"]
[BlackElo "2460"]
[Result "0-1"]
[Round "5"]
[TimeControl "180+2"]
[Date "2023.06.20"]
[WhiteClock "0:00:00"]
[BlackClock "0:00:02"]
[Board "26"]

1. e4 c5 2. Nf3 Nc6 3. d4 cxd4 4. Nxd4 Nf6 5. Nc3 d6 6. Bg5 Bd7 7. Qd2 a6 8. f3 e6 9. O-O-O Nxd4 10. Qxd4 Be7 11. h4 h6 12. Be3 h5 13. Qd2 b5 14. Ne2 Qc7 15. Nd4 Rc8 16. Kb1 e5 17. Nb3 Be6 18. Bd3 d5 19. exd5 Nxd5 20. Bg5 f6 21. Bg6+ Kf8 22. Be3 Nxe3 23. Qxe3 f5 24. g4 hxg4 25. fxg4 Qxc2+ 26. Ka1 f4 27. Qxe5 Qxg6 28. Rhe1 Qf6 29. Qe4 Bxb3 30. g5 Qf7 31. axb3 g6 32. Rd7 Re8 33. Qd4 Rxh4 34. Rf1 Kg8 35. Re1 Rh3 36. Qe4 Re3 37. Rxe3 fxe3 38. Qxe3 Kf8 39. Qd4 Kg8 40. Qe3 Bf8 41. Qd4 Qxb3 0-1


[Site "https://www.chess.com"]

[Event "Titled Tuesday Blitz June 20 Early 2023"]
[White "Munkhgal, Gombosuren"]
[Black "Indjic, Aleksandar"]
[WhiteFideId "4901266"]
[BlackFideId "911925"]
[WhiteElo "2528"]
[BlackElo "2614"]
[Result "1-0"]
[Round "5"]
[TimeControl "180+2"]
[Date "2023.06.20"]
[WhiteClock "0:00:08"]
[BlackClock "0:00:28"]
[Board "27"]

1. d4 Nf6 2. Bf4 e6 3. e3 d5 4. Nf3 c5 5. c3 Qb6 6. Qb3 c4 7. Qc2 Nh5 8. Nbd2 Nxf4 9. exf4 g6 10. b3 cxb3 11. axb3 Bg7 12. h4 Qc7 13. g3 Nc6 14. Bd3 Bd7 15. h5 a6 16. h6 Bf6 17. Ne5 Be7 18. Ndf3 O-O 19. Nxg6 hxg6 20. Bxg6 Kh8 21. Bd3 Rac8 22. Rc1 b5 23. Qe2 f5 24. Bb1 Bf6 25. O-O Rg8 26. Ne5 Nxe5 27. fxe5 Bg5 28. f4 Bxh6 29. Qh5 Kg7 30. Kf2 Be8 31. Qf3 Bg6 32. Rh1 Rh8 33. g4 b4 34. Rhg1 Kf8 35. gxf5 Bxf5 36. Bxf5 exf5 37. Rg6 Bg7 38. Rcg1 Rh2+ 39. Kg3 Rh7 40. Rc1 bxc3 41. Qd3 Qf7 42. Rg5 Rh5 43. Rxc3 Rxg5+ 44. fxg5 f4+ 45. Kg4 Re8 46. Qf5 Qxf5+ 47. Kxf5 f3 48. Rxf3 Kf7 49. Rc3 Re7 50. g6+ Ke8 51. Rc6 a5 52. Rc5 Ra7 53. Rxd5 Bf8 54. Rb5 Ke7 55. d5 Kd7 56. d6 Bxd6 57. Rd5 Kc6 58. Rxd6+ Kb5 59. e6 Kb4 60. Rd7 Ra8 61. e7 Rg8 62. Rd8 1-0


[Site "https://www.chess.com"]